 Dungeon Crawl Stone Soup version 0.32-a0-422-g28b100f (webtiles) character file.

Game seed: 859359878545680188

968 edsrzf the Carver (level 8, -1/56 HPs)
             Began as a Coglin Gladiator on Feb 21, 2024.
             Slain by Pikel
             ... wielding a +2 whip of electrocution
              (4 damage)
             ... on level 6 of the Dungeon.
             The game lasted 00:13:02 (4325 turns).

edsrzf the Carver (Coglin Gladiator)                Turns: 4325, Time: 00:13:05

Health: -1/56      AC:  5    Str: 17    XL:     8   Next: 16%
Magic:  8/8        EV: 12    Int: 13    God:
Gold:   319        SH:  0    Dex: 16    Spells: 7/7 levels left

rFire   . . .        a - +0 long sword {Doyun}
rCold   . . .        b - +0 dagger (venom) {Masataka}
rNeg    . . .        j - +0 leather armour
rPois   +            c - +0 helmet
rElec   .            (no cloak)
rCorr   .            G - +0 pair of gloves
SInv    .            (no boots)
Will    .....        (no amulet)
Stlth   +            k - +6 ring of intelligence
HPRegen 0.29/turn    f - ring of poison resistance
MPRegen 0.11/turn

%: no passive effects
@: revved
A: off-hand wielding, slow wielding, warmup strikes, legs shutdown
a: no special abilities


You were on level 6 of the Dungeon.
You visited 1 branch of the dungeon, and saw 6 of its levels.

You collected 374 gold pieces.
You spent 55 gold pieces at shops.

Inventory:

Hand Weapons
 a - a +0 long sword (weapon) {Doyun}
 b - a +0 dagger of venom (offhand) {Masataka}
Missiles
 d - 3 throwing nets (quivered) {=f}
 e - a javelin
 v - 5 poisoned darts
Armour
 c - a +0 helmet (worn)
 j - a +0 leather armour (worn)
 G - a +0 pair of gloves (worn)
Jewellery
 f - a ring of poison resistance (right grasper)
 k - a +6 ring of intelligence (left grasper)
 r - a ring of flight
 t - an amulet of magic regeneration
 u - an amulet of faith {!P}
 I - a ring of see invisible
Wands
 B - a wand of flame (1)
 C - a wand of quicksilver (7)
Scrolls
 h - a scroll of enchant armour {unknown}
 i - a scroll of poison {unknown}
 l - 2 scrolls of blinking {unknown}
 n - 2 scrolls of noise {unknown}
 q - a scroll of fog {unknown}
 s - 2 scrolls of amnesia {unknown}
 x - a scroll of brand weapon {unknown}
 y - a scroll of revelation {unknown}
 A - 3 scrolls of teleportation {@r3}
 D - a scroll of immolation {unknown}
 H - a scroll of fear {unknown}
Potions
 g - 2 potions of curing
 m - 2 potions of invisibility
 o - a potion of lignification {unknown}
 p - 4 potions of heal wounds {unknown}
 w - 3 potions of mutation {unknown}
 z - a potion of berserk rage {unknown}
 E - a potion of cancellation {unknown}
 F - a potion of attraction {unknown}


   Skills:
 - Level 2.0 Fighting
 + Level 9.7 Long Blades
 - Level 1.7 Throwing
 - Level 2.6 Dodging


You had 7 spell levels left.
You didn't know any spells.
Your spell library was empty.

Dungeon Overview and Level Annotations

Branches:
Dungeon (6/15)
 Temple: D:4-7

Altars:
Fedhas
Makhleb
Trog
Vehumet
Wu Jian

Shops:
D:3 ?

Annotations:
D:5 1 runed translucent door, CumLord's ghost, novice FoFi
D:6 Pikel


Innate Abilities, Weirdness & Mutations

You can wield a second weapon in your off-hand.
It takes a long time for you to wield or remove held weapons.
Your first few attacks do less damage.
Attacking and casting redirects power from your legs.


Message History

You hear a shout!
A bullfrog comes into view.
The lemure barely misses you.
You slash the lemure with your +0 long sword!
The lemure is almost dead.
You hit the lemure with your +0 dagger of venom.
You kill the lemure!
That felt strangely unrewarding.
You are no longer unable to travel.
A lemure comes into view.
You hit the bullfrog with your +0 dagger of venom.
The bullfrog is poisoned.
The bullfrog is lightly wounded.
You barely miss the bullfrog with your +0 long sword.
The bullfrog barely misses you.
You hit the bullfrog but do no damage.
The bullfrog is lightly wounded.
You barely miss the bullfrog with your +0 dagger of venom.
The bullfrog hits you.
You hit the bullfrog with your +0 long sword.
The bullfrog is moderately wounded.
You barely miss the bullfrog with your +0 dagger of venom.
The bullfrog misses you.
You hit the bullfrog with your +0 dagger of venom.
The bullfrog looks as sick as possible!
The bullfrog is heavily wounded.
You hit the bullfrog with your +0 long sword.
The bullfrog closely misses you. The lemure misses you.
You hit Pikel with your +0 dagger of venom.
Pikel is poisoned.
Pikel is lightly wounded.
You hit Pikel but do no damage. You hit Pikel with your +0 long sword.
Pikel is lightly wounded.
You miss Pikel with your +0 dagger of venom.
The lemure barely misses you. Pikel barely misses you.
You miss Pikel with your +0 long sword.
Pikel is lightly wounded.
You closely miss Pikel with your +0 dagger of venom.
The bullfrog barely misses you.
You hit Pikel but do no damage.
Pikel looks even sicker.
Pikel is lightly wounded.
You slash Pikel with your +0 long sword!
The bullfrog hits you. The lemure barely misses you.
Pikel hits you with a +2 whip of electrocution.
You hit Pikel but do no damage.
Pikel is heavily wounded.
You hit Pikel but do no damage.
You kill the bullfrog!
Pikel completely misses you. The lemure hits you. The lemure barely misses you.
You closely miss Pikel with your +0 long sword.
Pikel is heavily wounded.
You closely miss Pikel with your +0 dagger of venom.
Pikel hits you with a +2 whip of electrocution.
The lemure hits you. The lemure misses you. The lemure hits you.
You closely miss Pikel with your +0 dagger of venom.
Pikel is heavily wounded.
You hit Pikel but do no damage. Pikel completely misses you.
The lemure hits you. The lemure closely misses you. x2
You hit Pikel but do no damage.
Pikel is heavily wounded.
You hit Pikel but do no damage. You hit Pikel but do no damage.
Pikel looks as sick as possible!
Pikel is severely wounded.
You closely miss Pikel with your +0 long sword.
Pikel hits you with a +2 whip of electrocution!
The lemure completely misses you. The lemure hits you.
The lemure hits you but does no damage.
You hit Pikel with your +0 dagger of venom.
Pikel is severely wounded.
You barely miss Pikel with your +0 long sword.
Pikel barely misses you. The lemure closely misses you. The lemure misses you.
The lemure closely misses you.
You hit Pikel but do no damage.
Pikel looks as sick as possible!
Pikel is severely wounded.
You hit Pikel with your +0 long sword. Pikel barely misses you.
The lemure closely misses you. The lemure hits you. x2
You hit Pikel but do no damage.
Pikel looks as sick as possible!
Pikel is almost dead.
You barely miss Pikel with your +0 long sword.
Pikel hits you with a +2 whip of electrocution!
You are electrocuted!
* * * LOW HITPOINT WARNING * * *
The lemure barely misses you. The lemure hits you but does no damage.
The lemure hits you.
* * * LOW HITPOINT WARNING * * *
Okay, then.
Okay, then.
Press: ? - help, v - describe, . - travel
Here: Pikel, wielding a +2 whip of electrocution and wearing a +0 robe (almost dead, extremely poisoned)
The floor.
Unknown command.
Aiming: Quicksilver Bolt
Press: ? - help, Shift-Dir - straight line, f - Pikel
Aim: Pikel, wielding a +2 whip of electrocution and wearing a +0 robe (almost dead, extremely poisoned, 64% to hit)
The bolt of dispelling energy misses Pikel.
You are no longer unable to travel.
Pikel hits you with a +2 whip of electrocution.
You die...
Pikel says, "Another soul for the market."

... ... ...#.. ....
... .....#
#...###.# ....#
........## #...#
.........####...#
................##
#....K55........##
#@5.........# ###
##.....##...# #..
#.........## ##.
#.......#..# #.
.....##..###.## ##
#.....#.##.#..#####
###....##..#.#.##..
##..# #..........
######..........


You could see Pikel (extremely poisoned) and 3 lemures.

Vanquished Creatures
  A lemure (D:6)
  A phantom (D:4)
  Blork the orc (D:6)
  A bullfrog (D:6)
  A scorpion (D:5)
  A howler monkey (D:3)
  2 bombardier beetles
  A crimson imp (D:3)
  A jelly (D:5)
  3 hounds
  2 sleepcaps
  Ijyb (D:4)
  Natasha (twice) (D:2)
  An iguana (D:5)
  An orc wizard (D:5)
  3 gnolls (D:5)
  4 adders
  A shadow imp (D:6)
  A white imp (D:5)
  3 dart slugs
  A ribbon worm (D:2)
  8 orcs
  6 ball pythons
  3 bats
  9 endoplasms
  5 giant cockroaches
  9 goblins
  6 hobgoblins
  3 jackals (D:1)
  18 kobolds
  6 quokkas
  10 frilled lizards
  6 rats
122 creatures vanquished.

Notes
Turn   | Place    | Note
-------+----------+-------------------------------------------
     0 | D:1      | edsrzf the Coglin Gladiator began the quest for the Orb.
     0 | D:1      | Reached XP level 1. HP: 16/16 MP: 1/1
   181 | D:1      | Reached XP level 2. HP: 22/22 MP: 2/2
   242 | D:1      | Reached skill level 4 in Long Blades
   334 | D:1      | Reached XP level 3. HP: 26/27 MP: 3/3
   699 | D:1      | Reached XP level 4. HP: 32/33 MP: 4/4
   908 | D:2      | Reached skill level 5 in Long Blades
   929 | D:2      | Found a bloodstained altar of Trog.
  1336 | D:2      | Reached XP level 5. HP: 38/38 MP: 5/5
  1428 | D:2      | Noticed Natasha
  1437 | D:2      | Killed Natasha
  1505 | D:2      | Noticed Natasha
  1512 | D:2      | Killed Natasha
  1513 | D:2      | Reached skill level 6 in Long Blades
  1808 | D:3      | Found Baoraxaje's Magic Scroll Emporium.
  1826 | D:3      | Bought a scroll of teleportation for 33 gold pieces
  1826 | D:3      | Bought a scroll of identify for 22 gold pieces
  1826 | D:3      | Identified 2 potions of curing
  1868 | D:3      | Reached XP level 6. HP: 36/44 MP: 6/6
  2064 | D:3      | Found a radiant altar of Vehumet.
  2064 | D:3      | Found a burning altar of Makhleb.
  2207 | D:3      | Identified a potion of invisibility
  2340 | D:3      | Found a blossoming altar of Fedhas.
  2352 | D:3      | Reached skill level 7 in Long Blades
  2441 | D:4      | Found a bloodstained altar of Trog.
  2781 | D:4      | Noticed Ijyb
  2797 | D:4      | Killed Ijyb
  2798 | D:4      | Reached XP level 7. HP: 27/50 MP: 7/7
  3071 | D:5      | Entered Level 5 of the Dungeon
  3113 | D:5      | Reached skill level 8 in Long Blades
  3655 | D:5      | Found a runed translucent door.
  3739 | D:5      | Reached skill level 9 in Long Blades
  3875 | D:5      | Found an ornate altar of the Wu Jian Council.
  4060 | D:5      | Noticed CumLord's ghost (novice FoFi)
  4144 | D:6      | Noticed Blork the orc
  4149 | D:6      | Killed Blork the orc
  4156 | D:6      | Reached XP level 8. HP: 53/56 MP: 8/8
  4304 | D:6      | Noticed Pikel
  4325 | D:6      | Slain by Pikel

Illustrated notes

Levels and vault maps discovered:
D:1:      nicolae_arrival_washed_ashore, layout_rooms, hangedman_decor_push
D:2:      layout_loops_cross, basic_altar, corner_web_ring, uniq_natasha
D:3:      layout_rooms, grunt_temple_overflow_lords_of_destruction,
          marbit_many_paths, serial_shops, shop, guppyfry_early_lair_pool
D:4:      layout_basic, lemuel_round_altar, uniq_ijyb
D:5:      layout_basic, nicolae_wu_jian_glorious_leap,
          ebering_ghost_reflecting_pool
D:6:      layout_cave_pools, grunt_temple_overflow_opulence,
          minmay_temple_entry_junction, hex_large, uniq_blork_the_orc,
          uniq_pikel

Skill      XL: |  1  2  3  4  5  6  7 |
---------------+----------------------+-----
Long Blades    | 4 5 6 7 9 |  9.7
Fighting       | |  2.0
Throwing       | |  1.7
Dodging        | |  2.6

Action                     |  1- 3 |  4- 6 |  7- 9 || total
---------------------------+-------+-------+-------++-------
  Melee: Long sword        |    58 |   129 |    89 ||   276
         Dagger            |    40 |   116 |    84 ||   240
  Evoke: Wand              |       |       |     1 ||     1
    Use: Scroll            |       |     2 |       ||     2
   Stab: Sleeping          |     1 |     3 |     1 ||     5
 Armour: Leather armour    |    33 |    51 |    46 ||   130
  Dodge: Dodged            |    36 |    66 |    47 ||   149

Table legend: (Time is in decaauts)
 A = Elapsed time spent in this place.
 B = Non-inter-level travel time spent in this place.
 C = Inter-level travel time spent in this place.
 D = Time resting spent in this place.
 E = Time spent auto-exploring this place.
 F = Levels seen in this place.
 G = Mean time per level.
                   A        B        C        D        E       F      G
               +--------+--------+--------+--------+--------+-----+--------+
         Total |   4304 |   4163 |    141 |    540 |   2721 |   6 |  717.3 |
       Dungeon |   4304 |   4163 |    141 |    540 |   2721 |   6 |  717.3 |
               +--------+--------+--------+--------+--------+-----+--------+

Top non-repeatable levels by time:
     D:5: 1050 daAuts
     D:1: 905 daAuts
     D:2: 897 daAuts
     D:4: 670 daAuts
     D:3: 593 daAuts
     D:6: 188 daAuts
